 Dungeon Crawl Stone Soup version 0.21-a0-584-g185da8e (webtiles) character file.

37 Timinator the Ducker (level 3, -4/28 HPs)
             Began as a Demonspawn Gladiator on Dec 20, 2017.
             Slain by a gnoll
             ... wielding a cursed -3 flail
              (11 damage)
             ... on level 2 of the Dungeon.
             The game lasted 00:12:36 (1080 turns).

Timinator the Ducker (Demonspawn Gladiator)         Turns: 1080, Time: 00:12:36

Health: -4/28      AC:  3    Str: 14    XL:     3   Next: 23%
Magic:  3/3        EV: 13    Int: 10    God:
Gold:   26         SH:  0    Dex: 18    Spells: 2/2 levels left

rFire    . . .     SeeInvis .   a - +0 long sword
rCold    . . .     Gourm    .   (no shield)
rNeg     . . .     Faith    .   b - +0 leather armour
rPois    .         Spirit   .   (no helmet)
rElec    .         Reflect  .   (no cloak)
rCorr    .         Harm     .   (no gloves)
MR       .....                  (no boots)
Stlth    +++.......             (no amulet)
HPRegen  0.09/turn              (no ring)
MPRegen  0.08/turn              (no ring)

@: flying
A: thin skeletal structure 2
a: no special abilities


You were on level 2 of the Dungeon.
You were not hungry.

You visited 1 branch of the dungeon, and saw 2 of its levels.

You collected 26 gold pieces.

Inventory:

Hand Weapons
 a - a +0 long sword (weapon)
Missiles
 d - 3 throwing nets (quivered)
Armour
 b - a +0 leather armour (worn)
 c - a +0 helmet
Scrolls
 j - a scroll of magic mapping {unknown}
 k - a scroll of identify {unknown}
 l - a scroll of amnesia {unknown}
 m - a scroll of noise {unknown}
 n - a scroll of teleportation {unknown}
 p - a scroll of enchant weapon {unknown}
Potions
 h - a potion of curing
Comestibles
 f - 3 rations


   Skills:
 + Level 2.4 Fighting
 + Level 3.0 Long Blades
 + Level 1.8 Throwing
 + Level 0.1 Armour
 + Level 3.1 Dodging
 + Level 1.0 Stealth


You had 2 spell levels left.
You didn't know any spells.

Dungeon Overview and Level Annotations

Branches:
Dungeon (2/15)

Altars:


Innate Abilities, Weirdness & Mutations

You have a moderately thin skeletal structure. (Dex +4, Stealth+)


Message History

You kill the gnoll!
Your Stealth skill increases to level 1!
The gnoll hits you with an enchanted flail.
You hit the gnoll.
The gnoll is heavily wounded.
The gnoll closely misses you.
You closely miss the gnoll.
The gnoll is heavily wounded.
The gnoll completely misses you.
You hit the gnoll but do no damage.
The gnoll is heavily wounded.
The gnoll closely misses you.
You hit the gnoll but do no damage.
The gnoll is heavily wounded.
The gnoll hits you with an enchanted flail.
* * * LOW HITPOINT WARNING * * *
You hit the gnoll.
The gnoll is heavily wounded.
The gnoll hits you with an enchanted flail!
You die...

#### #g. #g#
#@#
##########.#
#..........#
#.##########
#.#.. #.#.#
#.#.# #.#.#
#.#.# .#


You could see 2 gnolls.

Vanquished Creatures
  A gnoll (D:2)
  A leopard gecko (D:1)
  2 giant cockroaches
  6 goblins (D:1)
  5 hobgoblins (D:1)
  2 jackals (D:1)
  4 bats (D:1)
  A frilled lizard (D:1)
  2 kobolds (D:1)
  A rat (D:1)
25 creatures vanquished.

Notes
Turn   | Place    | Note
-------+----------+-------------------------------------------
     0 | D:1      | Timinator the Demonspawn Gladiator began the quest for the Orb.
     0 | D:1      | Reached XP level 1. HP: 16/16 MP: 1/1
   146 | D:1      | Gained mutation: You have a somewhat thin skeletal structure. (Dex +2, Stealth) [demonic ancestry]
   146 | D:1      | Reached XP level 2. HP: 14/22 MP: 2/2
  1029 | D:2      | Gained mutation: You have a moderately thin skeletal structure. (Dex +4, Stealth+) [demonic ancestry]
  1029 | D:2      | Reached XP level 3. HP: 28/28 MP: 3/3
  1075 | D:2      | Reached skill level 1 in Stealth
  1080 | D:2      | Slain by a gnoll

Vault maps used:
D:1:      eino_arrival_cavern_c
D:2:      minmay_misc_feat_rows, uniq_sigmund

Skill      XL: |  1  2  3 |
---------------+----------+-----
Dodging        | 3 |  3.1
Long Blades    | 3 |  3.0
Stealth        | 1 |  1.0
Fighting       | |  2.4
Throwing       | |  1.8
Armour         | |  0.1

Action                   || total
-------------------------++-------
Melee: Long sword        ||    70
  Use: Potion            ||     3
       Scroll            ||     1
 Stab: Sleeping          ||     1
  Eat: Chunk             ||     1
Armor: Leather armour    ||    14
Dodge: Dodged            ||    43
       Rpst.: Long sword ||    10

Table legend:
 A = Spawn XP
 B = Non-spawn XP
 C = Spawn XP percentage of total XP
 D = Spawn monster count
 E = Non-spawn monster count
 F = Spawn count percentage of total count
 G = Total turns spent on level
                    A         B        C        D         E        F      G
               +---------+---------+-------+---------+---------+-------+---------
         Total |       0 |      54 |   0.0 |       0 |      25 |   0.0 |  1080
               +---------+---------+-------+---------+---------+-------+---------
           D:1 |       0 |      39 |   0.0 |       0 |      23 |   0.0 |   946
           D:2 |       0 |      15 |   0.0 |       0 |       2 |   0.0 |   134
               +---------+---------+-------+---------+---------+-------+---------
